 Dungeon Crawl Stone Soup version 0.31-a0-1616-gbeaec30b81 (webtiles) character file.

Game seed: 8531514019061123544

67 Flugslaktarn the Trooper (level 3, -7/34 HPs)
             Began as a Minotaur Fighter on Jan 11, 2024.
             Mangled by a gnoll
             ... wielding a +0 halberd
              (8 damage)
             ... on level 2 of the Dungeon.
             The game lasted 00:00:17 (380 turns).

Flugslaktarn the Trooper (Minotaur Fighter)          Turns: 380, Time: 00:00:17

Health: -7/34      AC:  7    Str: 22    XL:     3   Next: 98%
Magic:  2/2        EV:  9    Int:  5    God:
Gold:   9          SH:  4    Dex:  9    Spells: 2/2 levels left

rFire   . . .        a - +0 war axe
rCold   . . .        c - +0 buckler
rNeg    . . .        b - +0 scale mail
rPois   .            (helmet restricted)
rElec   .            (no cloak)
rCorr   .            (no gloves)
SInv    .            (no boots)
Will    .....        (no amulet) Stlth
                     (no ring)
HPRegen 0.25/turn    (no ring)
MPRegen 0.08/turn

%: no passive effects
@: no status effects
A: horns 2, retaliatory headbutt
a: no special abilities


You were on level 2 of the Dungeon.
You visited 1 branch of the dungeon, and saw 3 of its levels.

You collected 9 gold pieces.

Inventory:

Hand Weapons
 a - a +0 war axe (weapon)
Armour
 b - a +0 scale mail (worn)
 c - a +0 buckler (worn)
Wands
 f - a wand of iceblast (5)
   (You found it on level 2 of the Dungeon)
Scrolls
 e - a scroll of enchant armour {unknown}
Potions
 d - a potion of might


   Skills:
 * Level 4.5 Fighting
 * Level 3.6 Axes
 + Level 4.1 Armour
 + Level 4.1 Shields


You had 2 spell levels left.
You didn't know any spells.
Your spell library was empty.

Dungeon Overview and Level Annotations

Branches:
Dungeon (3/15)

Altars:


Innate Abilities, Weirdness & Mutations

You have a pair of horns on your head.
You reflexively headbutt those who attack you in melee.


Message History

A quokka is nearby!
The quokka barely misses you. You furiously retaliate!
You headbutt the quokka.
You kill the quokka!
No target in view!
No target in view!
No target in view!
No target in view!
No target in view!
No target in view!
No target in view!
There is a stone staircase leading up here.
You climb upwards.
There is a stone staircase leading down here.
An adder comes into view.
You see here a +0 hand axe.
An adder is nearby!
An adder is nearby!
You slash the adder!
The adder is almost dead.
The adder bites you but does no damage. The adder bites you.
You are poisoned.
The adder poisons you!
You hit the adder.
You kill the adder!
You feel sick.
No target in view!
No target in view!
No target in view!
No target in view!
You feel sick.
You feel sick.
You feel sick.
You feel sick.
You are no longer poisoned.
HP restored.
e - a scroll labelled FESUSTERCHE No target in view!
You see here a +0 hand axe.
An endoplasm comes into view.
An endoplasm is nearby!
An endoplasm is nearby!
You see here a wand of iceblast (5).
You hit the endoplasm.
The endoplasm is lightly wounded.
The endoplasm hits you.
You barely miss the endoplasm.
The endoplasm is lightly wounded.
The endoplasm closely misses you. You furiously retaliate!
You headbutt the endoplasm. The endoplasm freezes you.
You are frozen.
You hit the endoplasm. You headbutt the endoplasm.
You kill the endoplasm!
No target in view!
No target in view!
No target in view!
f - a wand of iceblast (5) No target in view!
You see here a +0 flail.
Things that are here:
a +0 spear; a gnoll skeleton A quokka and a gnoll come into view.
There are monsters nearby!
The gnoll hits you with a +0 club.
You slash the gnoll!
You kill the gnoll!
You hear a shout!
A gnoll comes into view. It is wielding a +0 halberd.
The quokka bites you.
You hit the quokka.
The quokka is heavily wounded.
You block the quokka's attack. The gnoll barely misses you.
You barely miss the quokka.
The quokka is moderately wounded.
You block the quokka's attack.
The gnoll hits you from afar with a +0 halberd!
The quokka misses you. You furiously retaliate!
You headbutt the quokka.
You kill the quokka!
The gnoll hits you with a +0 halberd.
Things that are here:
a +0 club; a gnoll corpse You are too injured to fight recklessly!
You are too injured to fight recklessly!
You are too injured to fight recklessly!
A gnoll is nearby!
You are too injured to fight recklessly!
A gnoll is nearby!
You are too injured to fight recklessly!
You are too injured to fight recklessly!
You hit the gnoll.
The gnoll is moderately wounded.
The gnoll hits you with a +0 halberd!
* * * LOW HITPOINT WARNING * * *
You are too injured to fight recklessly!
You barely miss the gnoll. You headbutt the gnoll.
The gnoll is severely wounded.
The gnoll hits you with a +0 halberd.
* * * LOW HITPOINT WARNING * * *
The gnoll hits you with a +0 halberd!
You die...

...............#..#.#.#.####.###
###.###..#..##.#....#.#.# #.#
#... #..#..#.....))#.#.# #.#
#......†...#..##.#.#.#.# #.#
..........##..##.#.#...# #.#
#..........##..##.#.########.#
....#......#................#
#...##....##..####.##########
... .........g@.......... #.
#...###..###.######## .... ..#
.##. ##.# .. ... .# ###


You could see a gnoll.

Vanquished Creatures
  4 gnolls (D:2)
  2 adders (D:2)
  2 endoplasms
  2 quokkas
  A bat (D:3)
  A frilled lizard (D:2)
  A rat (D:2)
13 creatures vanquished.

Notes
Turn   | Place    | Note
-------+----------+-------------------------------------------
     0 | D:1      | Flugslaktarn the Minotaur Fighter began the quest for the
                  | Orb.
     0 | D:1      | Reached XP level 1. HP: 19/19 MP: 0/0
     7 | D:1      | You fall into a shaft and drop 1 floor!
    17 | D:2      | Reached XP level 2. HP: 16/27 MP: 1/1
    22 | D:2      | Reached XP level 3. HP: 15/33 MP: 2/2
    45 | D:2      | HP: 1/33 [gnoll/+0 flail (9)]
   380 | D:2      | HP: 1/34 [gnoll/+0 halberd (4)]
   380 | D:2      | Mangled by a gnoll

Illustrated notes

Levels and vault maps discovered:
D:1:      grunt_arrival_lava_bath, layout_basic
D:2:      minmay_chambers_of_ones, layout_basic, basic_altar,
          minmay_shallow_snake_nest
D:3:      layout_loops_cross, mainiacjoe_overflow_chevrons,
          ebering_ecumenical_altar_box, minmay_bisected

Skill      XL: |  1  2  3 |
---------------+----------+-----
Fighting       | 4 |  4.5
Axes           | 3 |  3.6
Armour         | 4 |  4.1
Shields        | 4 |  4.1

Action                     || total
---------------------------++-------
  Melee: War axe           ||    25
         Headbutt          ||     2
 Armour: Scale mail        ||    30
  Dodge: Dodged            ||    16
  Block: Buckler           ||     7

Table legend: (Time is in decaauts)
 A = Elapsed time spent in this place.
 B = Non-inter-level travel time spent in this place.
 C = Inter-level travel time spent in this place.
 D = Time resting spent in this place.
 E = Time spent auto-exploring this place.
 F = Levels seen in this place.
 G = Mean time per level.
                   A        B        C        D        E       F      G
               +--------+--------+--------+--------+--------+-----+--------+
         Total |    389 |    377 |     12 |    142 |    164 |   3 |  129.7 |
       Dungeon |    389 |    377 |     12 |    142 |    164 |   3 |  129.7 |
               +--------+--------+--------+--------+--------+-----+--------+

Top non-repeatable levels by time:
     D:2: 356 daAuts
     D:3: 25 daAuts
     D:1: 7 daAuts
